 Dungeon Crawl Stone Soup version 0.21-a0-265-gb353147 (webtiles) character file.

4886 monkeyc the Merchant of Misery (level 10, -8/79 HPs)
             Began as a Mummy Necromancer on Sept 11, 2017.
             Was a Believer of Kikubaaqudgha.
             Mangled by a centaur warrior (15 damage)
             ... on level 10 of the Dungeon.
             The game lasted 00:35:27 (13217 turns).

monkeyc the Merchant of Misery (Mummy Necromancer) Turns: 13217, Time: 00:35:28

Health: -8/79      AC:  7    Str: 11    XL:     10   Next: 26%
Magic:  0/22       EV: 12    Int: 19    God:    Kikubaaqudgha [**....]
Gold:   461        SH:  0    Dex: 12    Spells: 10/25 levels left

rFire    x . .     SeeInvis .   k - +3 short sword (venom)
rCold    + . .     Gourm    .   (no shield)
rNeg     + + +     Faith    .   C - +2 robe
rPois    ∞         Spirit   +   l - +1 helmet (curse)
rElec    .         Reflect  .   t - scarf {Spirit}
rCorr    .         Harm     .   I - +0 pair of gloves
MR       +....                  (no boots)
Stlth    ++........             (no amulet)
HPRegen  0.23/turn              (no ring)
MPRegen  0.18/turn              (no ring)

@: about to teleport
A: no food or potions, fire vulnerability, cold resistance 1, negative energy
resistance 3, torment resistance, unbreathing
a: Receive Corpses, Renounce Religion


You were on level 10 of the Dungeon.
You worshipped Kikubaaqudgha.
Kikubaaqudgha was pleased with you.
You were not hungry.

You visited 2 branches of the dungeon, and saw 11 of its levels.

You collected 557 gold pieces.
You spent 96 gold pieces at shops.

Inventory:

Hand Weapons
 d - a +0 club
 g - a +0 whip
 j - a +0 dagger
 k - a +3 short sword of venom (weapon)
 p - a +0 dagger of venom
 q - a +2 dagger of freezing
 u - a +0 blowgun
Missiles
 c - 423 stones (quivered)
 f - 78 poisoned needles
Armour
 a - a +0 robe
 i - a +0 plate armour
 l - a cursed +1 helmet (worn)
 r - a +0 buckler
 t - a scarf of spirit shield (worn)
 y - a +0 cloak
 C - a +2 robe (worn)
 I - a +0 pair of gloves (worn)
Magical Staves
 s - an uncursed staff of cold
Jewellery
 x - a -3 ring of dexterity
 A - an uncursed ring of protection from fire {unknown}
Wands
 B - a wand of confusion (27/48)
 E - a wand of lightning (4/15)
 H - a wand of iceblast (8/15)
 J - a wand of polymorph (5/24)
 L - a wand of digging (8/24)
 M - a wand of disintegration (0/24)
Scrolls
 e - 2 scrolls of random uselessness
 h - 3 scrolls of identify
 m - 4 scrolls of remove curse
 n - a scroll of recharging
 w - 2 scrolls of enchant weapon
 G - a scroll of fog
 K - a scroll of enchant armour
Books
 b - a book of Necromancy

   Spells                             Type                      Level
   a - Pain                           Necromancy                   1
   b - Animate Skeleton               Necromancy                   1
   c - Vampiric Draining              Necromancy                   3
   d - Regeneration                   Charms/Necromancy            3
   e - Animate Dead                   Necromancy                   4
   f - Control Undead                 Necromancy                   4
 o - a book of Conjurations

   Spells                             Type                      Level
   a - Magic Dart                     Conjuration                  1
   b - Searing Ray                    Conjuration                  2
   c - Dazzling Spray                 Conjuration/Hexes            3
   d - Fulminant Prism                Conjuration/Hexes            4
   e - Force Lance                    Conjuration/Translocation    4
   f - Iskenderun's Mystic Blast      Conjuration                  4
 v - a book of Geomancy

   Spells                             Type                      Level
   a - Sandblast                      Earth                        1
   b - Passwall                       Transmutation/Earth          2
   c - Stone Arrow                    Conjuration/Earth            3
   d - Petrify                        Transmutation/Earth          4
   e - Lee's Rapid Deconstruction     Earth                        5
 D - Kikubaaqudgha's Volume of Sinister Rituals
   (Kikubaaqudgha gifted it to you on level 8 of the Dungeon)

   Spells                             Type                      Level
   a - Animate Skeleton               Necromancy                   1
   b - Pain                           Necromancy                   1
   c - Corpse Rot                     Necromancy                   2
   d - Vampiric Draining              Necromancy                   3
   e - Control Undead                 Necromancy                   4


   Skills:
 - Level 7.3 Fighting
 - Level 6.0 Short Blades
 - Level 1.5 Dodging
 - Level 1.5 Stealth
 + Level 8.0 Spellcasting
 * Level 9.9 Necromancy


You had 10 spell levels left.
You knew the following spells:

 Your Spells              Type           Power        Failure   Level  Hunger
a - Pain                  Necr           ####         1%          1    N/A
b - Vampiric Draining     Necr           #####.....   1%          3    N/A
c - Animate Dead          Necr           N/A          1%          4    N/A
d - Animate Skeleton      Necr           N/A          1%          1    N/A
e - Control Undead        Necr           #####.....   1%          4    N/A
f - Corpse Rot            Necr           N/A          1%          2    N/A

Dungeon Overview and Level Annotations

Branches:
Dungeon (10/15)            Temple (1/1) D:5            Lair (0/6) D:10
    Orc: D:9-12

Altars:
Ashenzari
Dithmenos
Elyvilon
Fedhas
Hepliaklqana
Kikubaaqudgha
Okawaru
Ru
Trog
Uskayaw
Vehumet
Xom
Yredelemnul
Zin
The Shining One

Shops:
D:8 *

Annotations:
D:7 Kite's ghost, novice MiBe


Innate Abilities, Weirdness & Mutations

You do not eat or drink.
Your flesh is vulnerable to fire.
You are immune to poison.
Your flesh is cold resistant. (rC+)
You are immune to negative energy. (rN+++)
You are immune to unholy pain and torment.
You can survive without breathing.


Message History

Evoke which item? (* to show all) (? for menu, Esc to quit)
Aiming: Confuse (will waste charges)
Press: ? - help, Shift-Dir - straight line, f/p - centaur warrior
Aim: a centaur warrior (moderately wounded, chance to defeat MR: 28%)
The centaur warrior easily resists.
Evoking this partially-identified wand wasted a few charges.
The centaur warrior hits you!
* * * LOW HITPOINT WARNING * * *
Unknown command.
As you read the scroll of teleportation, it crumbles to dust.
You feel strangely unstable.
The centaur warrior hits you but does no damage.
The centaur warrior hits you!
* * * LOW HITPOINT WARNING * * *
Unknown command.
You closely miss the centaur warrior.
The centaur warrior is lightly wounded.
The centaur warrior hits you!
You die...
Kikubaaqudgha rasps: "You have failed me!
Welcome... oblivion!"

#.# #.# #.#
.#########.# #.#
#.........%.# #.#
#.#########.# #.# #.#
#.## #.# #.# #... #.#
#.# #.## #.#######.#
#.# #...(@c...# #.#
#.#######.# #.# #.#
#........ ..## #.#
#....a... .... #.#
#........ ..##
#.#######O..........#
#................
#.......(........
#................


You could see a centaur warrior.

Vanquished Creatures
  Pikel (D:7)
  A hippogriff (D:8)
  Sigmund (D:6)
  A wyvern (D:8)
  Menkaure (D:7)
  Edmund (D:6)
  2 water moccasins (D:8)
  A sky beast (D:6)
  A slave (D:7)
  An ice beast (D:7)
  5 ogres
  A phantom (D:7)
  An eye of draining (D:9)
  A crocodile (D:10)
  5 centaurs
  A big kobold (D:8)
  9 bullfrogs
  2 scorpions
  9 killer bees
  2 howler monkeys
  3 crimson imps
  A quasit (D:7)
  Crazy Yiuf (D:5)
  A bullfrog zombie (D:9)
  A bullfrog skeleton (D:8)
  4 hounds
  2 orc priests (D:4)
  4 orc wizards
  3 centaur skeletons
  Terence (D:2)
  4 iguanas
  5 worker ants
  2 hound skeletons
  5 gnolls
  5 adders
  2 shadow imps
  2 adder skeletons
  2 worms
  4 dart slugs
  3 leopard geckos
  9 orcs
  5 bats
  4 giant cockroaches
  8 goblins
  13 hobgoblins
  7 jackals
  5 quokkas
  3 ball pythons
  5 frilled lizards
  11 kobolds
  A leopard gecko skeleton (D:6)
  8 rats
181 creatures vanquished.

Vanquished Creatures (collateral kills)
  Maurice (D:8)
  An orc warrior (D:9)
  A centaur (D:7)
  A bullfrog (D:6)
  A howler monkey (D:10)
  2 worker ants
  A gnoll (D:2)
  An adder (D:10)
  An orc (D:9)
  A quokka (D:8)
11 creatures vanquished.

Grand Total: 192 creatures vanquished

Notes
Turn   | Place    | Note
-------+----------+-------------------------------------------
     0 | D:1      | monkeyc the Mummy Necromancer began the quest for the Orb.
     0 | D:1      | Reached XP level 1. HP: 13/13 MP: 4/4
   479 | D:1      | Reached XP level 2. HP: 19/19 MP: 3/5
  1291 | D:2      | Reached XP level 3. HP: 24/24 MP: 2/7
  1304 | D:2      | Learned a level 3 spell: Vampiric Draining
  1388 | D:2      | Noticed Terence
  1403 | D:2      | Killed Terence
  1403 | D:2      | Reached skill level 5 in Necromancy
  1466 | D:2      | Reached XP level 4. HP: 21/30 MP: 5/9
  1596 | D:2      | Learned a level 4 spell: Animate Dead
  2488 | D:3      | Found a glowing silver altar of Zin.
  2488 | D:3      | Found a shimmering altar of Xom.
  2488 | D:3      | Noticed an angel
  2534 | D:3      | Learned a level 1 spell: Animate Skeleton
  2874 | D:3      | Found a basalt altar of Yredelemnul.
  2881 | D:3      | Reached XP level 5. HP: 35/35 MP: 7/11
  3738 | D:4      | Learned a level 4 spell: Control Undead
  3919 | D:4      | Reached skill level 1 in Fighting
  4030 | D:4      | Reached skill level 1 in Short Blades
  4048 | D:4      | Reached XP level 6. HP: 28/43 MP: 9/13
  4471 | D:5      | Entered Level 5 of the Dungeon
  4791 | D:5      | Found a staircase to the Ecumenical Temple.
  4811 | Temple   | Entered the Ecumenical Temple
  4919 | Temple   | Became a worshipper of Kikubaaqudgha
  5100 | D:5      | Reached XP level 7. HP: 46/52 MP: 14/14
  5281 | D:5      | Found a runed door.
  5329 | D:5      | Noticed Crazy Yiuf
  5337 | D:5      | Killed Crazy Yiuf
  5513 | D:6      | Noticed Edmund
  6362 | D:6      | Killed Edmund
  6638 | D:6      | Noticed Sigmund
  6692 | D:6      | Killed Sigmund
  6692 | D:6      | Reached skill level 5 in Fighting
  6692 | D:6      | Reached XP level 8. HP: 40/62 MP: 0/15
  7195 | D:6      | Reached skill level 5 in Short Blades
  7873 | D:7      | You fall through a shaft!
  8080 | D:8      | Noticed Maurice
  8090 | D:8      | Killed Maurice
  8090 | D:8      | Reached * piety under Kikubaaqudgha
  8090 | D:8      | Identified Kikubaaqudgha's Volume of Sinister Rituals (Kikubaaqudgha gifted it to you on level 8 of the Dungeon)
  8090 | D:8      | Received a gift from Kikubaaqudgha
  8090 | D:8      | Reached XP level 9. HP: 63/72 MP: 16/16
  8098 | D:8      | Learned a level 2 spell: Corpse Rot
  8102 | D:8      | Found Zummum's General Store.
  8105 | D:8      | Bought a scroll of teleportation for 48 gold pieces
  8105 | D:8      | Bought a scroll of teleportation for 48 gold pieces
  8142 | D:8      | Reached skill level 6 in Necromancy
  8229 | D:8      | Found a blossoming altar of Fedhas.
  8229 | D:8      | Found a hazy altar of Hepliaklqana.
  8290 | D:8      | Reached skill level 5 in Spellcasting
  8514 | D:8      | Found a bloodstained altar of Trog.
  8520 | D:8      | Noticed Pikel
  8743 | D:8      | Reached skill level 7 in Necromancy
  8845 | D:8      | Found a glowing golden altar of the Shining One.
  9339 | D:9      | Reached skill level 8 in Necromancy
 11117 | D:7      | Noticed Menkaure
 11170 | D:7      | Your ally died
 11263 | D:7      | Noticed Kite's ghost (novice MiBe)
 11475 | D:7      | Reached skill level 9 in Necromancy
 11787 | D:7      | Killed Pikel
 11787 | D:7      | Reached XP level 10. HP: 75/79 MP: 3/21
 11927 | D:10     | Entered Level 10 of the Dungeon
 12054 | D:10     | Reached ** piety under Kikubaaqudgha
 12365 | D:10     | HP: 2/79 [wraith (3)]
 12854 | D:10     | Noticed a centaur warrior
 13100 | D:10     | Found a staircase to the Lair.
 13217 | D:10     | Mangled by a centaur warrior

Vault maps used:
D:1:      mrwooster_arrival_statue
D:2:      uniq_terence
D:3:      grunt_temple_overflow_order_and_chaos_1, lemuel_crystal_altar
D:5:      minmay_temple_entry_junction, first_bread, uniq_crazy_yiuf_cottage
D:6:      kennysheep_big_flooded_room, uniq_edmund, uniq_sigmund
D:7:      uniq_menkaure
D:8:      old_standard_altar, grunt_temple_overflow_open, basic_altar,
          serial_shops, nicolae_shop_behind_doors, uniq_maurice, uniq_pikel
D:10:     lair_entry_dummy
Temple:   eino_temple_rhombus

Skill      XL: |  1  2  3  4  5  6  7  8  9 10 |
---------------+-------------------------------+-----
Spellcasting   | 3 4 7 8 |  8.0
Necromancy     | 5 9 |  9.9
Fighting       | 1 3 5 7 |  7.3
Short Blades   | 1 2 4 6 |  6.0
Dodging        | |  1.5
Stealth        | |  1.5

Action                   |  1- 3 |  4- 6 |  7- 9 | 10-12 || total
-------------------------+-------+-------+-------+-------++-------
Melee: Club              |     9 |       |       |       ||     9
       Unarmed           |     4 |       |       |       ||     4
       Short sword       |    11 |    73 |   209 |    81 ||   374
 Fire: Blowgun           |       |       |    14 |       ||    14
Throw: Stone             |       |       |     8 |     1 ||     9
 Cast: Pain              |    48 |    97 |   142 |    38 ||   325
       Animate Dead      |       |    11 |    21 |     7 ||    39
       Animate Skeleton  |       |     1 |       |       ||     1
       Vampiric Draining |       |     4 |    23 |    11 ||    38
       Control Undead    |       |       |    12 |     7 ||    19
Evoke: Wand              |       |       |     4 |     4 ||     8
  Use: Scroll            |       |    14 |     8 |     5 ||    27
 Stab: Sleeping          |     2 |     5 |       |       ||     7
       Distracted        |       |       |     1 |       ||     1
       Confused          |       |       |     1 |     1 ||     2
Armor: Robe              |    14 |    19 |    96 |    20 ||   149
Dodge: Dodged            |    40 |    69 |   200 |    80 ||   389

Table legend:
 A = Spawn XP
 B = Non-spawn XP
 C = Spawn XP percentage of total XP
 D = Spawn monster count
 E = Non-spawn monster count
 F = Spawn count percentage of total count
 G = Total turns spent on level
                    A         B        C        D         E        F      G
               +---------+---------+-------+---------+---------+-------+---------
         Total |       0 |    6981 |   0.0 |       0 |     188 |   0.0 | 13217
               +---------+---------+-------+---------+---------+-------+---------
           D:1 |       0 |      44 |   0.0 |       0 |      19 |   0.0 |  1311
           D:2 |       0 |     114 |   0.0 |       0 |      25 |   0.0 |  1167
           D:3 |       0 |     117 |   0.0 |       0 |      27 |   0.0 |  1149
           D:4 |       0 |     194 |   0.0 |       0 |      13 |   0.0 |   846
           D:5 |       0 |     420 |   0.0 |       0 |      10 |   0.0 |  1361
           D:6 |       0 |    1182 |   0.0 |       0 |      16 |   0.0 |  1960
           D:7 |       0 |    1319 |   0.0 |       0 |      11 |   0.0 |   719
           D:8 |       0 |    1667 |   0.0 |       0 |      26 |   0.0 |  1684
           D:9 |       0 |    1013 |   0.0 |       0 |      22 |   0.0 |  1632
          D:10 |       0 |     911 |   0.0 |       0 |      19 |   0.0 |  1269
               +---------+---------+-------+---------+---------+-------+---------
